Map: Cañón atribulado

Players

AzraelBlack

  • Race: Protoss Protoss
  • Spawn Location: 6:00

NukeScarab

  • Race: Zerg Zerg
  • Spawn Location: 6:00

Abrigant

  • Race: Protoss Protoss
  • Spawn Location: 7:00

TATORREA

  • Race: Protoss Protoss
  • League: Gold
  • Spawn Location: 12:00

MrFercho

  • Race: Zerg Zerg
  • League: Silver
  • Spawn Location: 3:00

tigro

  • Race: Terran Terran
  • League: Bronze
  • Spawn Location: 12:00

VOD

Have the link to the VOD?

Description

Time

  • Played on: July 9, 2020, 11:18 p.m.
  • Length: 15:23
Show
View Real Time Build Order
Export as new Build Order

AzraelBlack Protoss 

Build Orders:  

Get SALT Encoding   

  12  0:14  Pylon  
  12  0:17  Probe  
  13  0:28  Probe  
  13  0:29  Assimilator  
  14  0:37  Assimilator, Probe  
  15  0:50  Pylon  
  15  1:12  Gateway  
  15  1:26  Forge  
  15  1:33  Probe  
  16  1:41  Probe  
  17  1:50  Protoss Ground Weapons Level 1  
  17  1:55  Pylon  
  17  2:07  Probe  
  18  2:19  Probe  
  19  2:33  Cybernetics Core  
  19  2:53  Photon Cannon  
  19  3:00  Photon Cannon  
  19  3:06  Probe  
  20  3:16  Warp Gate  
  20  3:18  Probe  
  21  3:26  Probe  
  22  3:52  Pylon  
  22  3:57  Pylon  
  22  4:00  Pylon  
  22  4:15  Photon Cannon  
  22  4:18  Photon Cannon  
  22  4:21  Photon Cannon  
  22  4:43  Nexus  
  22  4:50  Assimilator  
  22  4:55  Assimilator  
  22  5:27  Gateway  
  22  5:28  Gateway  
  22  5:31  Gateway  
  22  5:55  Pylon  
  22  5:59  Pylon, Probe  
  22  6:03  Pylon  
  23  6:07  Probe  
  24  6:15  Probe  
  24  6:16  Probe  
  26  6:27  Probe  
  26  6:28  Photon Cannon  
  26  6:31  Photon Cannon  
  27  6:34  Probe  
  28  6:42  Protoss Ground Armor Level 1  
  28  6:46  Probe  
  29  6:53  Twilight Council  
  29  7:02  Robotics Facility  
  29  7:06  Probe  
  29  7:14  Probe  
  31  7:23  Probe  
  32  7:36  Probe  
  33  7:47  Stalker  
  33  7:48  Stalker x3, Probe  
  42  8:00  Probe  
  43  8:12  Probe  
  44  8:20  Probe  
  45  8:28  Probe  
  46  8:38  Probe  
  47  8:46  Robotics Bay  
  47  8:50  Probe  
  47  8:54  Robotics Facility x2  
  48  8:56  Robotics Facility  
  49  9:02  Probe  
  49  9:15  Probe  
  50  9:21  Gateway  
  50  9:22  Gateway  
  50  9:27  Gateway  
  50  9:28  Gateway  
  50  9:30  Gateway  
  50  9:53  Colossus x3  
  50  9:54  Colossus  
  74  10:29  Stalker  
  74  10:30  Stalker x3  
  74  10:31  Stalker x3  
  88  10:47  Colossus  
  94  10:53  Colossus  
  100  11:06  Protoss Ground Armor Level 2  
  100  11:42  Pylon  
  100  11:45  Pylon  
  100  11:48  Pylon  
  100  11:59  Colossus  
  106  12:03  Colossus x2  
  106  12:06  Nexus  
  118  12:27  Photon Cannon  
  118  12:30  Photon Cannon  
  118  12:33  Photon Cannon  
  118  12:35  Photon Cannon  
  118  12:38  Photon Cannon  
  118  12:50  Colossus  
  124  13:17  Colossus  
  130  13:21  Pylon  
  130  13:23  Pylon  
  130  13:24  Pylon  
  130  13:25  Pylon  
  130  13:26  Probe  
  131  13:28  Pylon  
  131  13:31  Pylon  
  131  13:38  Probe  
  132  13:50  Probe  
  133  14:02  Probe  
  126  14:35  Observer  
  127  14:42  Observer x3  
  130  14:56  Observer  
Show
View Real Time Build Order
Export as new Build Order

NukeScarab Zerg 

Build Orders: Pool First 

Get SALT Encoding   

  12  0:01  Drone  
  13  0:09  Drone  
  14  0:16  Extractor  
  14  0:18  Extractor  
  12  0:29  Drone x2  
  14  0:44  Spawning Pool  
  14  0:48  Drone  
  14  1:00  Overlord  
  14  1:31  Lair  
  14  1:33  Drone x2  
  16  1:40  Drone  
  16  1:46  Drone  
  18  1:58  Drone  
  19  2:05  Drone  
  20  2:18  Drone  
  21  2:29  Spire  
  20  2:31  Drone  
  21  2:49  Overlord  
  21  3:00  Overlord  
  21  3:07  Queen  
  23  3:41  Drone  
  24  3:42  Mutalisk x2  
  28  3:50  Zerg Flyer Weapons Level 1  
  28  3:52  Mutalisk  
  30  4:06  Hatchery  
  29  4:12  Mutalisk  
  31  4:18  Mutalisk x3  
  37  4:30  Overlord x2  
  37  4:50  Mutalisk x2  
  41  5:15  Mutalisk  
  43  5:41  Mutalisk x2  
  43  6:04  Mutalisk  
  43  6:09  Overlord  
  43  6:10  Overlord x4  
  45  6:12  Drone x2  
  47  6:24  Mutalisk  
  49  6:33  Extractor  
  49  6:34  Extractor  
  49  6:38  Queen  
  49  6:40  Drone  
  49  6:41  Drone x2  
  50  7:01  Mutalisk x2  
  50  7:08  Drone x3  
  57  7:28  Mutalisk x2  
  61  7:35  Mutalisk  
  63  7:48  Mutalisk  
  59  8:03  Mutalisk x2  
  54  8:05  Drone x2  
  54  8:06  Drone x5  
  59  8:15  Drone x2  
  61  8:29  Drone x2  
  61  8:30  Drone x2  
  65  8:37  Drone  
  66  8:51  Hatchery  
  63  9:24  Mutalisk x5  
  73  9:44  Hatchery  
  70  9:51  Overlord x2  
  70  9:57  Infestation Pit  
  70  9:59  Queen  
  71  10:11  Mutalisk x2  
  75  10:27  Mutalisk  
  77  10:57  Mutalisk x2  
  73  11:28  Hive  
  67  11:40  Drone  
  67  11:41  Drone x2  
  70  11:47  Drone x2  
  70  11:48  Drone x7  
  70  11:49  Queen  
  70  11:50  Queen  
  83  12:00  Extractor  
  82  12:01  Extractor  
  82  12:03  Drone x7  
  82  12:04  Extractor  
  87  12:11  Drone x5  
  87  12:13  Extractor  
  91  12:20  Overseer x2  
  83  12:59  Drone x2  
  83  13:00  Drone x6  
  91  13:08  Drone x5  
  91  13:11  Corruptor x3  
  91  13:12  Corruptor x4  
  108  13:50  Corruptor x3  
  108  13:51  Corruptor x3  
  120  14:00  Overlord x4  
  120  14:01  Overlord x6  
  120  14:02  Overlord x4  
  108  14:28  Corruptor  
  108  14:29  Corruptor x6  
  108  14:30  Corruptor x2  
  122  14:53  Corruptor x3  
  122  14:54  Corruptor x3  
Show
View Real Time Build Order
Export as new Build Order

Abrigant Protoss 

Build Orders:  

Get SALT Encoding   

  12  0:01  Probe  
  13  0:13  Probe  
  14  0:25  Pylon  
  14  0:28  Probe  
  15  0:43  Probe  
  15  0:47  Gateway  
  16  0:54  Pylon  
  16  0:55  Probe  
  17  1:07  Probe  
  18  1:14  Forge  
  18  1:17  Pylon  
  18  1:22  Assimilator  
  18  1:36  Zealot  
  20  2:02  Nexus  
  20  2:05  Probe  
  21  2:13  Photon Cannon  
  21  2:24  Probe  
  21  2:25  Assimilator  
  22  2:36  Probe  
  23  2:40  Photon Cannon  
  23  2:44  Probe  
  24  2:52  Probe  
  24  2:58  Photon Cannon  
  25  3:00  Zealot  
  27  3:07  Pylon  
  27  3:16  Probe  
  27  3:17  Probe  
  29  3:22  Pylon  
  29  3:35  Probe x2, Cybernetics Core  
  31  3:47  Pylon  
  31  3:49  Probe x2  
  31  3:52  Warp Gate  
  33  3:58  Protoss Ground Weapons Level 1  
  33  4:00  Gateway  
  33  4:09  Probe  
  35  4:10  Probe  
  35  4:23  Probe x2  
  37  4:38  Pylon  
  37  4:39  Stalker  
  37  4:41  Probe  
  37  4:42  Probe  
  37  4:44  Assimilator  
  41  4:50  Assimilator  
  41  4:53  Gateway  
  41  4:54  Gateway, Probe x2  
  43  5:05  Robotics Facility  
  43  5:16  Nexus  
  43  5:28  Pylon  
  43  5:44  Probe x2  
  45  5:53  Protoss Ground Armor Level 1  
  45  5:56  Probe x2  
  47  5:58  Stalker x4  
  47  6:00  Immortal  
  47  6:02  Twilight Council  
  55  6:08  Probe x2  
  61  6:28  Probe x3  
  64  6:34  Observer  
  64  6:35  Twilight Council  
  64  6:39  Robotics Facility  
  65  6:42  Robotics Bay  
  65  6:44  Blink  
  65  7:04  Probe x3  
  65  7:07  Immortal  
  72  7:09  Stalker x2  
  76  8:06  Immortal, Colossus  
  76  8:09  Extended Thermal Lance  
  76  8:13  Stalker x4  
  94  8:39  Charge  
  94  8:44  Assimilator  
  94  8:48  Assimilator  
  94  8:51  Nexus  
  94  8:55  Assimilator  
  94  8:58  Photon Cannon  
  94  8:59  Assimilator, Probe x3  
  97  9:04  Pylon  
  97  9:05  Photon Cannon, Zealot x3  
  97  9:06  Zealot  
  97  9:08  Photon Cannon  
  105  9:10  Pylon  
  105  9:11  Probe x3  
  105  9:12  Gateway  
  105  9:15  Gateway  
  105  9:16  Pylon  
  108  9:18  Gateway  
  108  9:19  Colossus  
  108  9:20  Immortal  
  108  9:21  Gateway  
  118  9:49  Zealot x3  
  118  9:50  Zealot  
  120  10:12  Zealot x7  
  134  10:18  Colossus x2  
  106  11:00  Protoss Ground Weapons Level 2  
  100  11:07  Stalker x7  
  100  11:08  Stalker, Immortal x2  
  119  11:33  Probe x3  
  122  11:45  Probe x3  
  122  11:46  Zealot  
  122  11:47  Zealot x7  
  141  12:00  Colossus  
  147  12:09  Pylon  
  147  12:11  Pylon  
  147  12:15  Pylon  
  147  12:18  Pylon  
  147  12:23  Photon Cannon  
  147  12:25  Photon Cannon  
  147  12:29  Zealot x5  
  157  12:30  Zealot  
  159  12:37  Pylon  
  159  12:38  Pylon  
  159  12:39  Pylon x2  
  159  12:42  Pylon  
  159  12:49  Stalker  
  159  12:50  Stalker x2  
  165  12:52  Stalker x2  
  113  14:05  Observer x2  
  115  14:23  Stalker  
  115  14:24  Stalker x5  
  119  14:25  Stalker x2, Gravitic Boosters  
Show
View Real Time Build Order
Export as new Build Order

TATORREA Protoss 

Build Orders:  

Get SALT Encoding   

  12  0:01  Probe  
  13  0:14  Probe  
  14  0:20  Pylon  
  14  0:26  Probe  
  15  0:38  Probe  
  15  0:42  Gateway  
  16  0:47  Probe  
  16  0:52  Assimilator  
  16  0:55  Probe  
  17  1:04  Pylon, Probe  
  19  1:13  Probe  
  20  1:22  Probe  
  20  1:23  Assimilator  
  20  1:31  Cybernetics Core  
  20  1:32  Probe  
  22  1:46  Pylon, Probe  
  23  1:56  Gateway  
  23  2:07  Warp Gate  
  23  2:09  Stalker  
  25  2:33  Nexus  
  25  2:37  Pylon  
  25  2:40  Probe  
  26  2:52  Probe  
  26  2:58  Stalker  
  29  3:01  Stalker  
  29  3:04  Probe  
  32  3:16  Probe  
  33  3:24  Probe  
  33  3:28  Sentry  
  33  3:29  Gateway  
  33  3:31  Sentry  
  33  3:32  Probe  
  39  3:42  Twilight Council  
  39  3:43  Probe  
  40  3:53  Probe  
  41  3:59  Probe  
  42  4:11  Robotics Facility  
  42  4:13  Gateway, Blink  
  42  4:14  Stalker  
  42  4:16  Stalker  
  46  4:18  Probe  
  46  4:20  Probe  
  48  4:30  Probe  
  49  4:32  Probe  
  49  4:36  Stalker  
  52  4:44  Probe x2  
  54  4:49  Assimilator  
  54  4:52  Stalker  
  56  4:53  Assimilator  
  56  4:56  Stalker  
  56  4:58  Probe  
  56  4:59  Probe  
  60  5:08  Observer  
  61  5:42  Probe x2  
  61  6:00  Immortal  
  61  6:03  Probe  
  62  6:08  Probe  
  59  6:15  Probe  
  54  6:20  Probe  
  55  6:34  Stalker x3  
  61  6:45  Pylon, Probe  
  62  6:51  Pylon  
  62  6:54  Pylon  
  62  6:57  Pylon  
  62  7:01  Pylon  
  62  7:03  Probe  
  63  7:15  Stalker, Probe  
  63  7:16  Stalker x3, Probe  
  73  7:23  Probe  
  73  7:24  Probe  
  73  7:27  Immortal  
  79  7:33  Forge, Probe  
  79  7:34  Probe  
  79  7:35  Forge  
  80  7:38  Forge  
  80  7:41  Probe  
  80  7:43  Templar Archives, Probe  
  81  7:44  Charge  
  81  7:49  Probe  
  83  7:51  Probe  
  85  8:03  Stalker x4  
  93  8:06  Probe  
  93  8:07  Probe  
  95  8:19  Probe x2  
  97  8:21  Nexus  
  97  8:23  Pylon  
  97  8:33  Probe x2  
  99  8:49  Gateway  
  99  8:51  Gateway  
  99  8:52  Gateway  
  99  8:55  Probe x2  
  101  9:00  Gateway x2  
  101  9:03  Gateway  
  101  9:06  Pylon  
  101  9:07  Gateway, Probe x2  
  103  9:21  Protoss Ground Armor Level 1, Protoss Ground Weapons Level 1  
  103  9:31  Protoss Shields Level 1  
  103  9:36  Stalker x2  
  103  9:37  Stalker  
  109  9:38  Stalker  
  111  9:47  High Templar x2  
  115  9:54  Archon  
  115  9:59  Stalker  
  117  10:01  Stalker x2  
  117  10:02  Stalker x3  
  117  10:04  Probe x2  
  117  10:05  Probe  
  130  10:12  Assimilator  
  130  10:16  Assimilator, Probe x2  
  130  10:17  Probe  
  133  10:33  Pylon  
  131  10:40  Stalker  
  131  10:41  Stalker  
  131  10:42  Stalker x3  
  130  10:43  Stalker  
  111  10:54  Probe x3  
  96  11:06  Probe x2  
  96  11:07  Probe  
  99  11:13  Stalker x3  
  99  11:14  Stalker x2  
  109  11:25  Probe x2  
  106  11:26  Probe  
  109  11:33  Probe x2, Protoss Ground Weapons Level 2  
  109  11:34  Probe  
  112  11:42  Probe  
  112  11:43  Protoss Shields Level 2, Probe x2  
  115  11:59  Probe  
  115  12:00  Probe x2  
  118  12:12  Probe x3  
  121  12:24  Probe x3  
  124  12:36  Stalker  
  124  12:38  Stalker  
  124  12:39  Stalker x3  
  127  12:50  Probe x3  
  130  13:02  Probe x2  
  130  13:03  Probe  
  133  13:24  Pylon  
  133  13:30  Pylon  
  133  13:35  Probe x2  
  133  13:37  Pylon, Probe  
  128  13:43  Pylon  
  128  13:46  Pylon  
  102  13:49  Pylon  
  102  13:50  Probe  
  87  14:01  Stalker x2  
  87  14:02  Stalker x3  
  95  14:03  Stalker x3  
  95  14:05  Probe x2  
  97  14:15  Probe  
  87  14:17  Probe  
  87  14:18  Stalker x2  
  52  14:57  Stalker x3  
  52  14:58  Stalker x4  
  52  14:59  Stalker x4  
  52  15:22  Stalker x2  
  52  15:23  Stalker x3  
Show
View Real Time Build Order
Export as new Build Order

MrFercho Zerg 

Build Orders: Hatch First, Lurkers 

Get SALT Encoding   

  12  0:01  Drone  
  13  0:14  Overlord  
  13  0:18  Drone  
  14  0:32  Drone  
  14  0:33  Drone  
  16  0:36  Drone  
  17  0:55  Hatchery  
  16  0:58  Drone  
  16  1:00  Drone  
  18  1:05  Extractor  
  17  1:17  Spawning Pool  
  16  1:26  Drone x2  
  16  1:31  Drone  
  19  1:40  Drone  
  20  1:51  Drone  
  21  2:02  Drone  
  22  2:09  Overlord  
  22  2:11  Queen  
  22  2:12  Queen  
  22  2:14  Overlord  
  26  2:23  Drone  
  26  2:24  Drone  
  28  2:39  Drone x2  
  28  2:40  Drone  
  31  2:45  Drone  
  32  2:54  Lair  
  32  2:58  Metabolic Boost  
  32  3:00  Drone x2  
  32  3:01  Drone  
  35  3:06  Drone  
  35  3:12  Drone  
  37  3:17  Drone  
  38  3:35  Drone  
  38  3:41  Zergling x10  
  40  3:43  Overlord  
  40  3:44  Hatchery  
  43  3:49  Drone  
  44  3:59  Extractor, Hydralisk Den  
  44  4:00  Extractor, Drone x3  
  44  4:08  Zergling x2  
  44  4:09  Zergling x6  
  48  4:31  Drone x2  
  48  4:32  Drone x2  
  52  4:42  Nydus Network  
  52  4:44  Overlord  
  52  4:45  Overlord x2  
  51  4:46  Overlord  
  51  4:47  Drone  
  52  4:56  Grooved Spines  
  52  5:05  Drone x4  
  52  5:15  Hydralisk x3  
  52  5:17  Drone  
  52  5:18  Spore Crawler  
  52  5:19  Spore Crawler  
  48  5:21  Spore Crawler  
  43  5:35  Hydralisk  
  43  5:36  Hydralisk x2  
  49  5:46  Drone x2  
  51  5:50  Drone x8  
  59  6:02  Hydralisk x3  
  65  6:07  Muscular Augments  
  65  6:32  Drone x4  
  69  6:33  Drone x2  
  69  6:37  Drone  
  69  6:38  Drone x4  
  76  6:57  Nydus Canal  
  76  6:59  Zergling x6  
  76  7:00  Zergling x6  
  82  7:10  Overlord x3  
  82  7:28  Queen x2  
  86  7:31  Baneling Nest  
  86  7:34  Drone x6  
  81  8:00  Hydralisk  
  81  8:01  Hydralisk x9  
  84  8:13  Infestation Pit  
  83  8:21  Overlord x2  
  83  8:22  Overlord  
  83  8:28  Lurker Den  
  83  8:31  Hydralisk  
  83  8:32  Hydralisk x4  
  92  8:43  Extractor  
  92  8:45  Extractor  
  90  8:50  Pneumatized Carapace  
  90  8:54  Drone x2  
  83  9:27  Spore Crawler  
  83  9:29  Spore Crawler x2  
  80  9:41  Overlord  
  80  9:42  Overlord x2  
  80  10:02  Hydralisk x7  
  80  10:03  Hydralisk x9  
  91  10:36  Lurker x2  
  91  10:38  Lurker  
  74  10:43  Lurker  
  74  10:44  Lurker  
  70  11:05  Extractor, Zergling x26  
  82  11:46  Hydralisk x4  
  82  11:47  Hydralisk  
  92  12:07  Hatchery  
  91  12:09  Drone  
  91  12:10  Overlord  
  91  12:11  Overlord x3  
  91  12:12  Overlord x2  
  92  12:22  Extractor  
  91  12:26  Lurker  
  92  12:31  Lurker  
  92  12:32  Lurker x5  
  98  13:21  Baneling x20  
  98  13:22  Baneling  
  87  13:58  Hive  
  75  14:20  Drone x5  
  75  14:21  Drone  
  51  14:57  Hydralisk  
  51  14:58  Hydralisk x17  
Show
View Real Time Build Order
Export as new Build Order

tigro Terran 

Build Orders:  

Get SALT Encoding   

  12  0:02  SCV  
  13  0:14  SCV  
  14  0:22  Supply Depot  
  14  0:26  SCV  
  15  0:40  Refinery  
  15  0:43  SCV  
  16  0:50  Barracks  
  16  0:56  SCV  
  17  1:03  Refinery  
  17  1:08  SCV  
  18  1:20  SCV  
  18  1:21  Supply Depot  
  19  1:32  SCV  
  20  1:38  Marine  
  21  1:44  SCV  
  22  1:52  Barracks  
  22  1:56  Marine, SCV  
  25  2:08  SCV  
  25  2:12  Engineering Bay  
  25  2:14  Marine  
  26  2:31  Orbital Command  
  26  2:32  Marine  
  27  2:42  Barracks Reactor, Factory  
  27  2:49  Marine  
  28  2:52  Terran Infantry Weapons Level 1  
  28  3:08  Barracks Tech Lab  
  28  3:21  Marine  
  28  3:22  Marine  
  30  3:28  Factory Tech Lab  
  30  3:39  Marine x2  
  32  3:42  Starport  
  32  3:47  Siege Tank  
  35  3:57  Marine x2  
  35  3:59  Combat Shield  
  37  4:15  Marine x2  
  39  4:23  Missile Turret  
  39  4:43  Missile Turret  
  39  4:46  Terran Infantry Armor Level 1  
  39  5:04  Missile Turret  
  39  5:17  Command Center  
  39  5:24  Missile Turret  
  39  5:52  Missile Turret  
  39  5:55  Missile Turret  
  39  6:14  Missile Turret  
  39  6:29  Medivac  
  39  6:30  Missile Turret  
  41  6:39  Missile Turret  
  41  6:53  Missile Turret  
  40  7:01  Starport  
  40  7:10  SCV  
  41  7:22  SCV  
  42  7:34  SCV  
  43  7:39  Refinery  
  43  7:43  Stimpack  
  43  7:45  Neosteel Armor  
  43  7:46  SCV  
  44  7:58  SCV  
  45  8:15  Refinery  
  45  8:21  Siege Tank  
  48  8:37  Fusion Core  
  48  8:42  Starport Tech Lab x2  
  48  8:49  Marine x3  
  51  9:05  Missile Turret  
  51  9:06  Marine  
  51  9:07  Marine x2  
  54  9:24  Marine  
  54  9:25  Marine x2, Hi-Sec Auto Tracking  
  54  9:27  Armory  
  57  9:42  Marine x3  
  60  9:59  Battlecruiser  
  59  10:00  Marine  
  59  10:02  Battlecruiser  
  49  10:08  Marine  
  49  10:09  Marine  
  51  10:18  Marine  
  50  10:26  Marine x2  
  45  10:36  Marine  
  45  10:38  Weapon Refit  
  45  10:44  Marine x2  
  47  10:54  Marine  
  48  11:02  Marine x2  
  48  11:03  Medivac  
  52  11:06  Medivac  
  54  11:11  Marine  
  55  11:33  Battlecruiser  
  61  12:18  Rapid Reignition System  
  61  12:19  Command Center  
  61  12:21  Supply Depot  
  61  12:26  Marine  
  62  12:34  Marine  
  62  12:43  Marine, Battlecruiser  
  69  12:44  Supply Depot  
  69  13:06  Battlecruiser  
  39  13:58  Siege Tank  
  39  14:00  Marine x3  
  44  14:18  Marine x3  
  47  14:24  Missile Turret  
  47  14:32  SCV  
  47  14:35  Marine  
  47  14:36  Marine x2  
  51  14:44  SCV  
  52  14:53  Marine  
  52  14:54  Marine x2  
  52  14:56  SCV  
  50  15:08  SCV  
Tags
 
Add a new tag
Caveats
  • Supply blocks, unpowered buildings, or Contaminate may cause inaccurate times.
  • Supply counts are checked every 10 seconds.